 Dungeon Crawl Stone Soup version 0.30-a0-283-gf371ce1921 (webtiles) character file.

Game seed: 17075020207728845265

8 MrRokkomies the Sneak (level 2, -1/26 HPs)
             Began as an Armataur Delver on Oct 17, 2022.
             Slain by an iguana (7 damage)
             ... on level 4 of the Dungeon.
             The game lasted 00:01:07 (296 turns).

MrRokkomies the Sneak (Armataur Delver)              Turns: 296, Time: 00:01:07

Health: -1/26      AC:  4    Str: 17    XL:     2   Next: 0%
Magic:  2/2        EV:  9    Int: 10    God:
Gold:   13         SH:  0    Dex: 11    Spells: 1/1 levels left

rFire   . . .      SeeInvis .    a - +0 mace
rCold   . . .      Faith    .    (no shield)
rNeg    . . .      Spirit   .    b - +0 leather armour
rPois   .          Reflect  .    (no helmet)
rElec   .          Harm     .    (no cloak)
rCorr   .          Roll     +    (no gloves)
Will    .....                    (no barding)
Stlth   +++.......               (no amulet)
HPRegen 0.24/turn                (no ring)
MPRegen 0.08/turn                (no ring)

@: no status effects
A: large, rugged brown scales 3, deformed body, armoured tail, roll, long
tongue, awkward tongue
a: no special abilities


You were on level 4 of the Dungeon.
You visited 1 branch of the dungeon, and saw 2 of its levels.

You collected 13 gold pieces.

Inventory:

Hand Weapons
 a - a +0 mace (weapon)
Armour
 b - a +0 leather armour (worn)
Wands
 g - a wand of digging (3)
Scrolls
 c - a scroll of fog
 d - a scroll of magic mapping
 e - a scroll of fear
 h - a scroll of enchant weapon {unknown}
 i - a scroll of blinking {unknown}
 j - a scroll of amnesia {unknown}
 k - a scroll of enchant armour {unknown}
Potions
 f - a potion of haste


   Skills:
 * Level 2.9 Fighting
 - Level 1.7 Maces & Flails
 * Level 1.1 Armour
 + Level 1.5 Dodging
 - Level 5.4 Stealth


You had one spell level left.
You didn't know any spells.
Your spell library contained the following spells:

 Spells                   Type           Power      Damage    Failure   Level
 Ensorcelled Hibernation  Hex/Ice        0%         N/A       56%         2
 Passwall                 Tmut/Erth      0%         N/A       56%         2
 Swiftness                Air            0%         N/A       80%         3


Dungeon Overview and Level Annotations

Branches:
Dungeon (5/15)
 Temple: D:4-7

Altars:


Innate Abilities, Weirdness & Mutations

You are completely covered in rugged brown scales. (AC +3, +7% HP)
Armour fits poorly on your strangely shaped body.
You have a long armoured tail.
You roll when moving toward enemies. (Rampage)
Your long tongue fully drains potion bottles. (2x potion effects)
Your tongue gives you trouble enunciating. (1.5x scroll delay)


Message History

The endoplasm freezes you.
You are frozen.
You hit the endoplasm.
Your tail-slap misses the endoplasm.
The endoplasm is almost dead.
The giant cockroach barely misses you.
The endoplasm hits you but does no damage.
The giant cockroach barely misses you.
You barely miss the endoplasm. You tail-slap the endoplasm.
You kill the endoplasm!
The giant cockroach barely misses you.
Your Armour skill increases to level 1!
You hit the giant cockroach.
The giant cockroach is heavily wounded.
The giant cockroach bites you.
The giant cockroach bites you but does no damage.
You hit the giant cockroach.
You kill the giant cockroach!
You have reached level 2!
HP restored.
Found a war axe.
You now have 13 gold pieces.
The iguana hisses angrily.
You hit the iguana.
The iguana is moderately wounded.
The iguana bites you. The iguana barely misses you.
You sock the iguana! You tail-slap the iguana.
The iguana is almost dead.
The iguana bites you.
You are too injured to fight recklessly!
You are too injured to fight recklessly!
You are too injured to fight recklessly!
You are too injured to fight recklessly!
You hit the iguana but do no damage.
The iguana is almost dead.
The iguana bites you!
* * * LOW HITPOINT WARNING * * *
You hit the iguana but do no damage.
The iguana is almost dead.
The iguana bites you!
You die...

#.####...........###........#####
...............................>#
#.####.....###.#####......#.###.#
#.......#### #.# #####....###.#
#.(.....# #.# #.. #.#####...
#.......# #.# #.#.#.# #...
#.......# #.. #.#.#.# #...
#.......# ##l####.#.#.# #...
#.......# #.@....#.#.# #...
#.......# #####..#.# ### #...
#........ ##...# ... ##.#
#####...# #.# #.# #.......###.#
#.# #.###....##.# #.#
#.##.##.####.# #............#
#####.##.##†.#


You could see an iguana.

Vanquished Creatures
  2 endoplasms (D:4)
  2 giant cockroaches (D:4)
  A hobgoblin (D:4)
  A kobold (D:4)
6 creatures vanquished.

Notes
Turn   | Place    | Note
-------+----------+-------------------------------------------
     0 | D:5      | MrRokkomies the Armataur Delver began the quest for the
                  | Orb.
     0 | D:5      | Reached XP level 1. HP: 19/19 MP: 1/1
     7 | D:5      | Noticed an orc priest
    70 | D:4      | Noticed an iguana
   262 | D:4      | Reached skill level 1 in Armour
   264 | D:4      | Reached XP level 2. HP: 23/26 MP: 2/2
   296 | D:4      | Slain by an iguana

Illustrated notes

Levels and vault maps discovered:
D:4:      layout_basic, mrwooster_statue_mirror, palyth_stone_intersect
D:5:      layout_rooms, serial_shops, nicolae_shop_behind_doors,
          serial_corexii_hall, chequers_hall_statues_corner_a,
          chequers_hall_statues_corner_a, corexii_hall_statues_i,
          corexii_hall_statues_i, corexii_hall_statues_i,
          chequers_hall_statues_y

Skill      XL: |  1 |
---------------+----+-----
Armour         | 1 |  1.1
Fighting       | |  2.9
Maces & Flails | |  1.7
Dodging        | |  1.5
Stealth        | |  5.4

Action                   || total
-------------------------++-------
Melee: Mace              ||    16
       Tailslap          ||     4
 Stab: Sleeping          ||     3
Armor: Leather armour    ||     5
Dodge: Dodged            ||     4

Table legend: (Time is in decaauts)
 A = Elapsed time spent in this place.
 B = Non-inter-level travel time spent in this place.
 C = Inter-level travel time spent in this place.
 D = Time resting spent in this place.
 E = Time spent auto-exploring this place.
 F = Levels seen in this place.
 G = Mean time per level.
                   A        B        C        D        E       F      G
               +--------+--------+--------+--------+--------+-----+--------+
         Total |    300 |    300 |      0 |    115 |     94 |   2 |  150.0 |
       Dungeon |    300 |    300 |      0 |    115 |     94 |   2 |  150.0 |
               +--------+--------+--------+--------+--------+-----+--------+

Top non-repeatable levels by time:
     D:4: 275 daAuts
     D:5: 25 daAuts
